 Dungeon Crawl Stone Soup version 0.23.2-1-ga50397a (webtiles) character file.

Game seed: 8878073410092929724

109 wilfster70 the Chopper (level 4, -5/41 HPs)
             Began as a Hill Orc Fighter on May 6, 2019.
             Slain by Natasha (6 damage)
             ... on level 2 of the Dungeon.
             The game lasted 00:03:57 (1679 turns).

wilfster70 the Chopper (Hill Orc Fighter)           Turns: 1679, Time: 00:03:57

Health: -5/41      AC: 10    Str: 19    XL:     4   Next: 90%
Magic:  4/4        EV:  5    Int:  8    God:
Gold:   124        SH:  9    Dex: 10    Spells: 3/3 levels left

rFire    . . .     SeeInvis .   a - +0 war axe
rCold    . . .     Gourm    .   c - +0 shield
rNeg     . . .     Faith    .   o - +0 chain mail
rPois    .         Spirit   .   (no helmet)
rElec    .         Reflect  .   (no cloak)
rCorr    .         Harm     .   e - +0 pair of gloves
MR       .....                  (no boots)
Stlth    ..........             (no amulet)
HPRegen  0.13/turn              (no ring)
MPRegen  0.09/turn              (no ring)

@: no status effects
A: no striking features
a: no special abilities


You were on level 2 of the Dungeon.
You were not hungry.

You visited 1 branch of the dungeon, and saw 2 of its levels.

You collected 124 gold pieces.

Inventory:

Hand Weapons
 a - a +0 war axe (weapon)
Armour
 c - a +0 shield (worn)
 e - a +0 pair of gloves (worn)
 o - a +0 chain mail (worn)
Scrolls
 g - 3 scrolls of identify {unknown}
 h - 5 scrolls of teleportation {unknown}
 i - 3 scrolls of magic mapping {unknown}
 j - 2 scrolls of remove curse {unknown}
 m - a scroll of fear {unknown}
 p - a scroll of immolation {unknown}
Potions
 b - a potion of lignification {unknown}
 d - 2 potions of might
 k - a potion of agility
Comestibles
 f - 2 rations


   Skills:
 + Level 4.3 Fighting
 * Level 4.6 Axes
 + Level 3.9 Armour
 + Level 4.0 Shields


You had 3 spell levels left.
You didn't know any spells.
Your spell library contained the following spells:

 Spells                   Type           Power        Failure   Level  Hunger
 Animate Skeleton         Necr           N/A          100%        1    ##.....
 Apportation              Tloc           #.....       100%        1    ##.....
 Confusing Touch          Hex            #.....       100%        1    ##.....
 Summon Small Mammal      Summ           #...         100%        1    ##.....


Dungeon Overview and Level Annotations

Branches:
Dungeon (2/15)

Altars:

Annotations:
D:2 Natasha


Message History

The magic dart hits you. You block the white imp's attack.
You block the iron imp's attack. Natasha claws you.
* * * LOW HITPOINT WARNING * * *
The white imp gestures at you. The puff of frost hits you.
* * * LOW HITPOINT WARNING * * *
The iron imp hits you.
* * * LOW HITPOINT WARNING * * *
It was a potion of agility.
You feel agile all of a sudden. Natasha claws you but does no damage.
The white imp hits you but does no damage.
The iron imp misses you. Natasha claws you but does no damage.
It was a potion of cancellation.
Your magical effects are unravelling.
You feel magically purged.
You feel yourself speed up.
You feel a little less agile now. The white imp gestures at you.
You block the puff of frost. Natasha claws you.
You die...

#..#####.#
#..####.#.###
#...)..###..#
#..)#.#.#.#.#
###.#.##.##.##
#.#.##.#...###.#
#.#.##.........#
#.#.####.5.#####
#.#.. ##@##
#.####..5.h......
........#######
#########


You could see an iron imp, Natasha and a white imp.

Vanquished Creatures
  4 gnolls (D:2)
  An adder (D:2)
  An ooze (D:2)
  A worm (D:2)
  A dart slug (D:2)
  3 leopard geckos
  3 giant cockroaches
  5 hobgoblins
  7 kobolds
  A ball python (D:2)
  6 bats
  11 frilled lizards
  7 goblins
  2 rats (D:1)
53 creatures vanquished.

Notes
Turn   | Place    | Note
-------+----------+-------------------------------------------
     0 | D:1      | wilfster70 the Hill Orc Fighter began the quest for the
                  | Orb.
     0 | D:1      | Reached XP level 1. HP: 19/19 MP: 1/1
   157 | D:1      | Reached XP level 2. HP: 25/27 MP: 2/2
   398 | D:1      | Reached XP level 3. HP: 31/33 MP: 3/3
  1061 | D:2      | Reached XP level 4. HP: 37/40 MP: 4/4
  1660 | D:2      | Noticed Natasha
  1677 | D:2      | HP: 1/41 [iron imp[Natasha] (5)]
  1679 | D:2      | Slain by Natasha

Skill      XL: |  1  2  3  4 |
---------------+-------------+-----
Axes           | 3 4 |  4.6
Fighting       | 4 |  4.3
Shields        | 4 |  4.0
Armour         | |  3.9

Action                   |  1- 3 |  4- 6 || total
-------------------------+-------+-------++-------
Melee: War axe           |    99 |    65 ||   164
  Use: Potion            |       |     2 ||     2
  Eat: Chunk             |     1 |     2 ||     3
Armor: Scale mail        |    40 |    20 ||    60
       Chain mail        |       |    15 ||    15
Dodge: Dodged            |    28 |    14 ||    42
Block: Shield            |    42 |    36 ||    78
